Selects Airborne Battlegroup
Selects Heavy Machine Gun Paradrop
Heavy Machine Gun Paradrop
Heavy Machine Gun Paradrop
Heavy Machine Gun Paradrop
Selects Paratrooper Squad Paradrop
Paratrooper Squad Paradrop
Construct Medical Station
Paratrooper Squad Paradrop
Mechanized Support Center
Selects Anti-tank Gun Team Paradrop
Construct Weapon Support Center
M3 Armored Personnel Carrier
Selects Paradrop Reinforcements
Designate Forward Repair Station